 Dungeon Crawl Stone Soup version 0.29.1-13-g9f3cf754e1 (webtiles) character file.

Game seed: 11522345973587767730

60 ChrisAssaf the Firebug (level 3, -9/26 HPs)
             Began as a Draconian Fire Elementalist on Jan 19, 2023.
             Mangled by an ogre
             ... wielding a +0 giant spiked club
              (35 damage)
             ... on level 4 of the Dungeon.
             The game lasted 00:07:39 (1785 turns).

ChrisAssaf the Firebug (DrFE)                       Turns: 1785, Time: 00:07:39

Health: -9/26      AC:  5    Str: 10    XL:     3   Next: 82%
Magic:  0/7        EV: 12    Int: 17    God:
Gold:   73         SH:  0    Dex: 11    Spells: 1/7 levels left

rFire   . . .      SeeInvis .   (no weapon)
rCold   . . .      Faith    .   (no shield)
rNeg    . . .      Spirit   .   (body armour unavailable)
rPois   .          Reflect  .   (helmet restricted)
rElec   .          Harm     .   (no cloak)
rCorr   .          Rampage  .   (no gloves)
Will    .....                   (no boots)
Stlth   ++........              (no amulet)
HPRegen 0.08/turn               (no ring)
MPRegen 0.10/turn               (no ring)

@: mighty
A: AC +5, unfitting armour, cold-blooded
a: no special abilities


You were on level 4 of the Dungeon.
You visited 1 branch of the dungeon, and saw 4 of its levels.

You collected 73 gold pieces.

Inventory:

Missiles
 d - a boomerang (quivered)
 e - 5 poisoned darts
Potions
 a - 3 potions of curing
 b - a potion of might
 c - a potion of attraction {unknown}


   Skills:
 * Level 0.1 Throwing
 * Level 1.9 Dodging
 * Level 2.0 Stealth
 * Level 2.6 Spellcasting
 * Level 1.3 Conjurations
 * Level 0.1 Hexes
 * Level 3.9 Fire Magic


You had one spell level left.
You knew the following spells:

 Your Spells              Type           Power      Damage    Failure   Level
a - Foxfire               Conj/Fire      44%        2x1d6     6%          1
b - Scorch                Fire           30%        2d6       5%          2
c - Inner Flame           Hex/Fire       9%         N/A       24%         3

Your spell library contained the following spells:

 Spells                   Type           Power      Damage    Failure   Level
 Conjure Flame            Conj/Fire      11%        6-21      19%         3
 Flame Wave               Conj/Fire      11%        2d6       52%         4


Dungeon Overview and Level Annotations

Branches:
Dungeon (4/15)
 Temple: D:4-7

Altars:

Shops:
D:2 =


Innate Abilities, Weirdness & Mutations

Your plain brown scales are hard. (AC +5)
You cannot fit into any form of body armour.
You are cold-blooded and may be slowed by cold attacks.


Message History

You kill the orc!
The orc closely misses you. The orc attacks as you move away!
The orc misses you.
An orc priest comes into view. It is wielding a +0 mace.
The orc is no longer more vulnerable to fire.
Casting: Scorch (safe; 5% risk of failure)
Confirm with . or Enter, or press ? or * to list all spells.
You conjure some foxfire!
The orc hits you but does no damage.
The foxfire hits the orc but does no damage.
The orc is almost dead.
The foxfire hits the orc.
You kill the orc!
The orc priest invokes the aid of Beogh against you.
Beogh smites you!
There is a stone staircase leading down here.
You climb downwards.
There is a stone staircase leading up here.
An ogre comes into view. It is wielding a +0 giant spiked club.
The ogre shouts!
You hear a bark!
There is a stone staircase leading up here.
You feel better.
Casting: Foxfire (safe; 6% risk of failure)
Confirm with . or Enter, or press ? or * to list all spells.
Flames lash the ogre.
The ogre is moderately wounded.
The ogre's fire resistance burns away.
You hear a bark!
Casting: Scorch (safe; 5% risk of failure)
Confirm with . or Enter, or press ? or * to list all spells.
Flames lash the ogre.
The ogre is burned terribly!
The ogre is severely wounded.
The ogre attacks as you move away! The ogre barely misses you.
A hound comes into view.
It was a potion of might.
You feel very mighty all of a sudden.
You completely miss the ogre.
The ogre is severely wounded.
The ogre hits you with a +0 giant spiked club!!
Ouch! That really hurt!
You die...

## #.##
#..#
##.@#
#..O#
#.h.#
..###...#
........#
........#
...####..
... ###.
.. #.


You could see an ogre (combustible) and a hound.

Vanquished Creatures
  2 adders
  2 dart slugs (D:1)
  2 orcs (D:3)
  2 bats
  5 endoplasms
  A giant cockroach (D:2)
  3 goblins
  3 hobgoblins
  3 jackals (D:2)
  3 kobolds
  6 frilled lizards
  4 rats
36 creatures vanquished.

Vanquished Creatures (others)
  26 foxfires
26 creatures vanquished.

Grand Total: 62 creatures vanquished

Notes
Turn   | Place    | Note
-------+----------+-------------------------------------------
     0 | D:1      | ChrisAssaf the Draconian Fire Elementalist began the quest
                  | for the Orb.
     0 | D:1      | Reached XP level 1. HP: 14/14 MP: 3/3
   154 | D:1      | Reached XP level 2. HP: 3/20 MP: 0/5
   438 | D:1      | Learned a level 2 spell: Scorch
   512 | D:2      | Found Mokhlaun's Jewellery Shoppe.
  1209 | D:2      | Reached XP level 3. HP: 26/26 MP: 1/6
  1213 | D:2      | Learned a level 3 spell: Inner Flame
  1774 | D:4      | Noticed an ogre
  1785 | D:4      | Mangled by an ogre

Illustrated notes

Levels and vault maps discovered:
D:1:      saegor_arrival_simple_b, layout_loops_cross,
          shapermc_ecumenical_altar_starsandcircs, minmay_misc_feat_tiny,
          minmay_pentomino_x4
D:2:      layout_loops_cross, serial_shops, shop, hex_large
D:3:      minmay_evil_eye, layout_basic
D:4:      layout_cave_pods, lemuel_tele_altar

Skill      XL: |  1 |
---------------+----+-----
Stealth        | 2 |  2.0
Throwing       | |  0.1
Dodging        | |  1.9
Spellcasting   | |  2.6
Conjurations   | |  1.3
Hexes          | |  0.1
Fire Magic     | |  3.9

Action                   || total
-------------------------++-------
Melee: Unarmed           ||     7
       Tailslap          ||     2
Throw: Boomerang         ||    16
 Cast: Foxfire           ||    17
       Scorch            ||    29
  Use: Scroll            ||     5
       Potion            ||     4
 Stab: Sleeping          ||     1
Armor: Skin              ||    30
Dodge: Dodged            ||    59
